 Dungeon Crawl Stone Soup version 0.31-a0-236-g9a0961fb85 (webtiles) character file.

Game seed: 9182040439543039057

482 qw the Shooter (level 7, -3/43 HPs)
             Began as a Gargoyle Hexslinger on July 10, 2023.
             Was an Initiate of Okawaru.
             Engulfed by a steam dragon's steam (20 damage)
             ... on level 4 of the Dungeon.
             The game lasted 00:01:42 (2935 turns).

qw the Shooter (Gargoyle Hexslinger)                Turns: 2935, Time: 00:01:42

Health: -3/43      AC: 10    Str: 17    XL:     7   Next: 12%
Magic:  8/8        EV: 11    Int: 14    God:    Okawaru [......]
Gold:   276        SH:  0    Dex: 14    Spells: 7/8 levels left

rFire   . . .        Y - +0 longbow
rCold   . . .        (shield currently unavailable)
rNeg    + . .        f - +0 ring mail
rPois   inf          (no helmet)
rElec   +            (no cloak)
rCorr   .            (no gloves)
SInv    .            (no boots)
Will    .....        (no amulet)
Stlth   +            g - +6 ring of strength
HPRegen 0.27/turn    (no ring)
MPRegen 0.11/turn

%: no passive effects
@: no status effects
A: sickness immunity, AC +4, negative energy resistance 1, electricity
resistance, torment resistance 1, petrification resistance
a: Renounce Religion


You were on level 4 of the Dungeon.
You worshipped Okawaru.
Okawaru was noncommittal.
You visited 1 branch of the dungeon, and saw 5 of its levels.

You collected 296 gold pieces.
You spent 20 gold pieces at shops.


Innate Abilities, Weirdness & Mutations

You are immune to sickness and miasma.
Your stone body is resilient. (AC +4)
You are immune to poison.
You resist negative energy. (rN+)
You are resistant to electric shocks. (rElec)
You are resistant to unholy torment.
You are immune to petrification.


   Skills:
 - Level 4.1 Fighting
 + Level 6.3 Ranged Weapons
 - Level 1.0 Armour
 - Level 1.5 Dodging
 - Level 1.0 Spellcasting
 - Level 2.6 Hexes
 - Level 0.1 Invocations


You had 7 spell levels left.
You knew the following spells:

 Your Spells              Type           Power      Damage    Failure   Level
a - Slow                  Hex            32%        N/A       16%         1

Your spell library contained the following spells:

 Spells                   Type           Power      Damage    Failure   Level
 Inner Flame              Hex/Fire       4%         N/A       63%         3
 Portal Projectile        Hex/Tloc       8%         N/A       63%         3
 Cause Fear               Hex            4%         N/A       85%         4

Inventory:

Hand Weapons
 Y - a +0 longbow (weapon)
Armour
 f - a +0 ring mail (worn)
Jewellery
 g - a +6 ring of strength (left hand)
Scrolls
 b - a scroll of identify
Potions
 c - a potion of curing
 e - a potion of cancellation
 h - a potion of haste

Dungeon Overview and Level Annotations

Branches:
Dungeon (5/15)
 Temple: D:4-7

Altars:
Nemelex Xobeh
Okawaru
Yredelemnul

Shops:
D:2 *

Annotations:
D:4 2 transporters, exclusion: 5 gnolls, qw's ghost, amateur MiHs


Message History

You climb upwards.
Level annotation: 2 transporters, exclusion: 5 gnolls, qw's ghost, amateur MiHs
There is a stone staircase leading down here.
You start resting.
HP restored.
Partly explored, unvisited transporter and can't reach some places.
(D) Dungeon
Where to? (* - list waypoints, Enter - D:5, ? - help)
What level of the Dungeon? (default 1, ? - help)
You climb downwards.
The steam dragon breathes steam at you. The ball of steam hits you.
There is a stone staircase leading up here.
You're standing in a cloud of steam!
You are engulfed in a cloud of scalding steam.
You shoot an arrow.
The arrow closely misses the steam dragon.
You are engulfed in a cloud of scalding steam.
2931 ||| STAIRDANCE You are engulfed in a cloud of scalding steam.
The steam dragon bites you.
The steam dragon claws you but does no damage.
You climb upwards.
Level annotation: 2 transporters, exclusion: 5 gnolls, qw's ghost, amateur MiHs
There is a stone staircase leading down here.
You shoot an arrow. The arrow hits the steam dragon.
The steam dragon is lightly wounded.
The steam dragon breathes steam at you. The ball of steam misses you.
You shoot an arrow.
The arrow closely misses the steam dragon.
You are engulfed in a cloud of scalding steam.
The steam dragon breathes steam at you. The ball of steam misses you.
The steam dragon bites you but does no damage.
The steam dragon claws you but does no damage.
You shoot an arrow.
The arrow closely misses the steam dragon.
You are engulfed in a cloud of scalding steam.
You die...

.....##.####.###
#.........##.#
##.#....####)..#
#.........#..#
#.###.....###.###
##.......##.## ##.#
###....##...#####.....##..#
#..#
##.#.####...###........##
#.###
#.#.######.##..########
....# ##.....¤.....(.##
....####.....##¤##.####
................@....#
....#########....D...#
##### ####....:# ###...#
#####


You could see a steam dragon (catching breath).

Vanquished Creatures
  An ice beast (D:4)
  A phantom (D:4)
  A jelly (D:4)
  A gnoll bouda (D:4)
  An iguana (D:4)
  A sleepcap (D:4)
  5 gnolls (D:4)
  5 adders
  4 worms
  3 dart slugs
  2 orcs
  12 bats
  5 endoplasms
  A giant cockroach (D:2)
  5 goblins
  7 hobgoblins
  9 jackals
  6 quokkas
  6 ball pythons
  5 frilled lizards
  7 kobolds
  10 rats
98 creatures vanquished.

Vanquished Creatures (others)
  An orc (D:5)
1 creature vanquished.

Grand Total: 99 creatures vanquished

Notes
Turn   | Place    | Note
-------+----------+-------------------------------------------
     0 | D:1      | qw the Gargoyle Hexslinger began the quest for the Orb.
     0 | D:1      | Reached XP level 1. HP: 12/12 MP: 2/2
     0 | D:1      | 0 ||| qw: Version: 0.3-a-52-g30416fa
     0 | D:1      | 0 ||| qw: Game counter: 4848
     0 | D:1      | 0 ||| qw: Melee chars always use a shield: true
     0 | D:1      | 0 ||| qw: God list: Okawaru
     0 | D:1      | 0 ||| qw: Allow faded altars: false
     0 | D:1      | 0 ||| qw: Do Orc after clearing Dungeon:15 true
     0 | D:1      | 0 ||| qw: Do second Lair branch before Depths: true
     0 | D:1      | 0 ||| qw: Lair rune preference: random
     0 | D:1      | 0 ||| qw: Goals: Normal
     0 | D:1      | 0 ||| PLANNING D:1-11
    59 | D:1      | Reached XP level 2. HP: 16/16 MP: 3/3
   136 | D:1      | Reached skill level 3 in Ranged Weapons
   266 | D:1      | Reached XP level 3. HP: 21/21 MP: 4/4
   501 | D:1      | 501 ||| SWAPPING to +0 longbow.
   502 | D:1      | 502 ||| DROPPING +1 sling.
   651 | D:1      | 651 ||| UPGRADING to +0 ring mail.
   661 | D:1      | 661 ||| DROPPING +0 robe.
   662 | D:1      | 662 ||| READING scroll labelled USKIJAITIGYC.
   663 | D:1      | 663 ||| DROPPING scroll of poison.
   741 | D:2      | 741 ||| FLEEEEING.
   901 | D:2      | Reached skill level 4 in Ranged Weapons
   901 | D:2      | Reached XP level 4. HP: 14/26 MP: 5/5
   999 | D:2      | Reached skill level 1 in Armour
  1058 | D:2      | Found Xurcheco's General Store.
  1068 | D:2      | 1068 ||| SHOPLISTING scroll of acquirement (520 gold, have
                  | 129).
  1068 | D:2      | 1068 ||| BUYING scroll of identify (20 gold).
  1068 | D:2      | Bought a scroll of identify for 20 gold pieces
  1429 | D:2      | 1429 ||| UPGRADING to +6 ring of strength.
  1430 | D:2      | 1430 ||| READING scroll labelled MOIFYU AKETOMN.
  1435 | D:2      | 1435 ||| READING 4 scrolls of identify.
  1435 | D:2      | 1435 ||| IDENTIFYING fizzy coppery potion
  1436 | D:2      | 1436 ||| READING 3 scrolls of identify.
  1436 | D:2      | 1436 ||| IDENTIFYING green potion
  1437 | D:2      | 1437 ||| READING 2 scrolls of identify.
  1437 | D:2      | 1437 ||| IDENTIFYING bubbling golden potion
  1438 | D:2      | 1438 ||| DROPPING potion of berserk rage.
  1439 | D:2      | 1439 ||| DROPPING potion of brilliance.
  1440 | D:2      | 1440 ||| DROPPING potion of ambrosia.
  1631 | D:3      | Reached XP level 5. HP: 30/30 MP: 6/6
  1974 | D:3      | Found an iron altar of Okawaru.
  1975 | D:3      | 1975 ||| PLANNING OKAWARU WORSHIP
  1975 | D:3      | 1975 ||| DRINKING 2 bubbling coppery potions.
  1976 | D:3      | 1976 ||| DRINKING 2 amethyst potions.
  2028 | D:3      | 2028 ||| READING 4 scrolls of identify.
  2028 | D:3      | 2028 ||| IDENTIFYING emerald potion
  2029 | D:3      | 2029 ||| READING 3 scrolls of identify.
  2029 | D:3      | 2029 ||| IDENTIFYING fizzy white potion
  2030 | D:3      | 2030 ||| DROPPING potion of degeneration.
  2031 | D:3      | 2031 ||| DROPPING potion of lignification.
  2038 | D:3      | Became a worshipper of Warmaster Okawaru
  2039 | D:3      | 2039 ||| PLANNING D:1-11
  2045 | D:3      | Found a sparkling altar of Nemelex Xobeh.
  2097 | D:4      | Noticed an ice beast
  2099 | D:4      | Noticed a phantom
  2104 | D:4      | Killed an ice beast
  2105 | D:4      | Reached skill level 5 in Ranged Weapons
  2112 | D:4      | Killed a phantom
  2112 | D:4      | Reached * piety under Okawaru
  2113 | D:4      | Reached skill level 3 in Fighting
  2113 | D:4      | Reached XP level 6. HP: 33/37 MP: 7/7
  2166 | D:4      | 2166 ||| INVOKING Heroism.
  2168 | D:4      | 2168 ||| Stepping ~*~*~tactically~*~*~ (outnumbered).
  2179 | D:4      | 2179 ||| READING scroll labelled HEREWN COMEU.
  2184 | D:4      | HP: 2/37 [gnoll/+0 halberd[a gnoll bouda] (11)]
  2185 | D:4      | 2185 ||| READING scroll of teleportation.
  2186 | D:4      | 2186 ||| DRINKING potion of heal wounds.
  2217 | D:4      | Reached skill level 6 in Ranged Weapons
  2225 | D:4      | 2225 ||| INVOKING Heroism.
  2226 | D:4      | 2226 ||| INVOKING Heroism.
  2227 | D:4      | 2227 ||| INVOKING Heroism.
  2493 | D:4      | Found a transporter.
  2494 | D:4      | Noticed qw's ghost (amateur MiHs)
  2494 | D:4      | Identified the +3 giant spiked club "Fimonw Iche" {flame,
                  | rF+ Int-3 SInv}
  2496 | D:4      | Found a transporter.
  2505 | D:4      | 2505 ||| INVOKING Heroism.
  2506 | D:4      | 2506 ||| INVOKING Heroism.
  2509 | D:4      | Reached XP level 7. HP: 43/43 MP: 5/8
  2730 | D:4      | 2730 ||| READING scroll labelled ROGYKA UWEI.
  2731 | D:4      | 2731 ||| READING scroll labelled PUACEA KOGAUCH.
  2732 | D:4      | 2732 ||| READING 3 scrolls of identify.
  2732 | D:4      | 2732 ||| IDENTIFYING inky potion
  2733 | D:4      | 2733 ||| READING 2 scrolls of identify.
  2733 | D:4      | 2733 ||| IDENTIFYING gluggy blue potion
  2762 | D:5      | Entered Level 5 of the Dungeon
  2801 | D:5      | Found a basalt altar of Yredelemnul.
  2801 | D:5      | Noticed a steam dragon
  2803 | D:5      | 2803 ||| Stepping ~*~*~tactically~*~*~ (cloud).
  2804 | D:5      | 2804 ||| Stepping ~*~*~tactically~*~*~ (cloud).
  2806 | D:5      | 2806 ||| FLEEEEING.
  2807 | D:5      | 2807 ||| FLEEEEING.
  2808 | D:5      | 2808 ||| Stepping ~*~*~tactically~*~*~ (cloud).
  2810 | D:5      | 2810 ||| FLEEEEING.
  2811 | D:5      | 2811 ||| FLEEEEING.
  2812 | D:5      | 2812 ||| FLEEEEING.
  2813 | D:5      | 2813 ||| FLEEEEING.
  2819 | D:5      | 2819 ||| FLEEEEING.
  2820 | D:5      | 2820 ||| FLEEEEING.
  2821 | D:5      | 2821 ||| FLEEEEING.
  2822 | D:5      | 2822 ||| FLEEEEING.
  2827 | D:5      | 2827 ||| FLEEEEING.
  2836 | D:5      | 2836 ||| STAIRDANCE
  2861 | D:5      | 2861 ||| STAIRDANCE
  2931 | D:5      | 2931 ||| STAIRDANCE
  2935 | D:4      | Engulfed by a steam dragon's steam

Levels and vault maps discovered:
D:1:      spicycebolla_arrival_clurvy, layout_loops_ring
D:2:      layout_loops_ring, serial_shops, nicolae_shop_hallway_plus,
          minmay_indecisive_spiral
D:3:      layout_basic, amethyst_overflow_temple_binary
D:4:      layout_rooms, gammafunk_ghost_smash, uniq_blork_the_orc
D:5:      layout_basic, serial_shops, nicolae_shop_advertising_works
          [nicolae_subvault_shop_adworks], hangedman_feature_mirror,
          uniq_duvessa, uniq_prince_ribbit1

Skill      XL: |  1  2  3  4  5  6 |
---------------+-------------------+-----
Ranged Weapons | 3 4 5 6 |  6.3
Fighting       | 2 3 4 |  4.1
Armour         | 1 |  1.0
Dodging        | |  1.5
Spellcasting   | |  1.0
Hexes          | |  2.6
Invocations    | |  0.1

Action                     |  1- 3 |  4- 6 |  7- 9 || total
---------------------------+-------+-------+-------++-------
   Fire: Sling             |    69 |       |       ||    69
         Longbow           |    41 |   152 |    18 ||   211
 Invoke: Heroism           |       |     3 |       ||     3
    Use: Scroll            |     1 |     8 |     4 ||    13
         Potion            |       |     3 |       ||     3
 Armour: Robe              |    12 |       |       ||    12
         Ring mail         |    33 |    50 |     7 ||    90
  Dodge: Dodged            |    61 |    60 |     8 ||   129

Table legend:
 A = Non-vault XP
 B = Vault XP
 C = Vault XP percentage of total XP
 D = Non-vault monster count
 E = Vault monster count
 F = Vault count percentage of total count
                 A         B        C        D         E       F
            +---------+---------+-------+---------+---------+-------
      Total |     678 |      11 |   1.6 |      94 |       4 |   4.1
            +---------+---------+-------+---------+---------+-------
        D:1 |      51 |       0 |   0.0 |      32 |       0 |   0.0
        D:2 |      64 |      11 |  14.7 |      22 |       4 |  15.4
        D:3 |      49 |       0 |   0.0 |      12 |       0 |   0.0
        D:4 |     514 |       0 |   0.0 |      28 |       0 |   0.0
            +---------+---------+-------+---------+---------+-------
